 Dungeon Crawl Stone Soup version 0.31-a0-239-g0a1456f148 (webtiles) character file.

Game seed: 7653653216224627535

527 qw the Shooter (level 7, -1/43 HPs)
             Began as a Gargoyle Hexslinger on July 11, 2023.
             Slain by a sleepcap (3 damage)
             ... on level 4 of the Dungeon.
             The game lasted 00:01:09 (2621 turns).

qw the Shooter (Gargoyle Hexslinger)                Turns: 2621, Time: 00:01:09

Health: -1/43      AC: 10    Str: 17    XL:     7   Next: 23%
Magic:  8/8        EV: 12    Int: 14    God:
Gold:   263        SH:  0    Dex: 17    Spells: 7/8 levels left

rFire   . . .        Y - +3 sling
rCold   + . .        (no shield)
rNeg    + . .        b - +0 leather armour
rPois   inf          (no helmet)
rElec   +            h - +0 cloak
rCorr   .            e - +0 pair of gloves {Dex+3}
SInv    .            (no boots)
Will    .....        (no amulet)
Stlth   +            f - +6 ring of strength
HPRegen 0.27/turn    i - ring of protection from cold
MPRegen 0.11/turn

%: no passive effects
@: no status effects
A: sickness immunity, AC +4, negative energy resistance 1, electricity
resistance, torment resistance 1, petrification resistance
a: no special abilities


You were on level 4 of the Dungeon.
You visited 1 branch of the dungeon, and saw 4 of its levels.

You collected 263 gold pieces.


Innate Abilities, Weirdness & Mutations

You are immune to sickness and miasma.
Your stone body is resilient. (AC +4)
You are immune to poison.
You resist negative energy. (rN+)
You are resistant to electric shocks. (rElec)
You are resistant to unholy torment.
You are immune to petrification.


   Skills:
 - Level 4.3 Fighting
 + Level 6.4 Ranged Weapons
 - Level 1.3 Armour
 - Level 1.5 Dodging
 - Level 1.0 Spellcasting
 - Level 2.6 Hexes


You had 7 spell levels left.
You knew the following spells:

 Your Spells              Type           Power      Damage    Failure   Level
a - Slow                  Hex            32%        N/A       11%         1

Your spell library contained the following spells:

 Spells                   Type           Power      Damage    Failure   Level
 Inner Flame              Hex/Fire       4%         N/A       47%         3
 Portal Projectile        Hex/Tloc       8%         N/A       47%         3
 Cause Fear               Hex            4%         N/A       71%         4

Inventory:

Hand Weapons
 Y - a +3 sling (weapon)
Armour
 b - a +0 leather armour (worn)
 e - a +0 pair of gloves of dexterity (worn)
 h - a +0 cloak (worn)
Jewellery
 f - a +6 ring of strength (left hand)
 i - a ring of protection from cold (right hand)
Scrolls
 a - 7 scrolls of identify
 g - a scroll of revelation {unknown}
Potions
 j - a potion of magic {unknown}

Dungeon Overview and Level Annotations

Branches:
Dungeon (4/15)
 Temple: D:4-7

Altars:
Dithmenos

Shops:
D:4 *


Message History

Something hits you but does no damage.
Your Fighting skill increases to level 4!
You have reached level 7!
2614 ||| FLEEEEING.
Your surroundings suddenly seem different.
Found 3 boomerangs of dispersal.
Autopickup is now on.
Enter note:
Enter note:
Enter note:
Enter note:
Enter note:
Enter note: You shoot a sling bullet.
The sling bullet hits the sleepcap.
The sleepcap is lightly damaged.
You hear a shout!
You shoot a sling bullet.
The sling bullet hits the sleepcap but does no damage.
The sleepcap is lightly damaged.
The sleepcap releases spores at you.
An orc comes into view. It is wielding a +0 hand axe.
You shoot a sling bullet. The sling bullet hits the sleepcap.
The sleepcap is moderately damaged.
The sleepcap closely misses you.
You shoot a sling bullet.
The sling bullet hits the sleepcap but does no damage.
The sleepcap is moderately damaged.
The sleepcap closely misses you.
You shoot a sling bullet. The sling bullet hits the sleepcap.
The sleepcap is heavily damaged.
An orc wizard appears from thin air!
The sleepcap releases spores at you. The orc hits you but does no damage.
You shoot a sling bullet. The sling bullet hits the orc wizard!
You kill the orc wizard!
The sleepcap misses you. The orc hits you but does no damage.
You shoot a sling bullet.
The sling bullet hits the sleepcap but does no damage.
The sleepcap is heavily damaged.
The sleepcap releases spores at you.
You die...

#######.#######.###
##. .# #.#
#........ ...
.#.#.# #........
.... ###.#.#.#
#........
.....#.... #)#
#........
...#...###.#
#........
.)....%).#
#........ #o)f#####
#........ #.@.#
#........ #'###
#.......? #.
#........ #(
######### ##


You could see a sleepcap and an orc.

Vanquished Creatures
  An ogre (D:4)
  A water moccasin zombie (D:3)
  2 scorpions (D:4)
  A water moccasin skeleton (D:3)
  An orc priest (D:4)
  An iguana (D:3)
  An orc wizard (D:4)
  7 adders
  An ufetubus (D:4)
  An adder skeleton (D:3)
  A worm (D:2)
  An orc (D:4)
  5 endoplasms
  2 giant cockroaches
  4 goblins (D:1)
  7 hobgoblins
  3 jackals (D:4)
  9 kobolds
  4 quokkas
  7 ball pythons
  A ball python zombie (D:3)
  5 bats
  3 frilled lizards
  6 rats
75 creatures vanquished.

Notes
Turn   | Place    | Note
-------+----------+-------------------------------------------
     0 | D:1      | qw the Gargoyle Hexslinger began the quest for the Orb.
     0 | D:1      | Reached XP level 1. HP: 12/12 MP: 2/2
     0 | D:1      | 0 ||| qw: Version: 0.3-a-52-g30416fa
     0 | D:1      | 0 ||| qw: Game counter: 5926
     0 | D:1      | 0 ||| qw: Melee chars always use a shield: true
     0 | D:1      | 0 ||| qw: God list: Okawaru
     0 | D:1      | 0 ||| qw: Allow faded altars: false
     0 | D:1      | 0 ||| qw: Do Orc after clearing Dungeon:15 true
     0 | D:1      | 0 ||| qw: Do second Lair branch before Depths: true
     0 | D:1      | 0 ||| qw: Lair rune preference: random
     0 | D:1      | 0 ||| qw: Goals: Normal
     0 | D:1      | 0 ||| PLANNING D:1-11
     7 | D:1      | 7 ||| READING scroll labelled ODIRAFFAOKK.
     8 | D:1      | 8 ||| DROPPING scroll of poison.
   138 | D:1      | Reached XP level 2. HP: 16/16 MP: 3/3
   223 | D:1      | Reached skill level 3 in Ranged Weapons
   380 | D:1      | Reached XP level 3. HP: 21/21 MP: 4/4
   796 | D:1      | Found a faded altar of an unknown god.
   844 | D:1      | 844 ||| UPGRADING to +0 leather armour.
   854 | D:1      | 854 ||| DROPPING +0 robe.
   855 | D:1      | 855 ||| UPGRADING to +0 pair of gloves of dexterity.
   860 | D:1      | 860 ||| DROPPING amulet of magic regeneration.
   861 | D:1      | 861 ||| READING 2 scrolls labelled OKUVUFO FICA.
   864 | D:1      | 864 ||| READING scroll labelled OFIUNG BIPH.
  1077 | D:2      | Found a shadowy altar of Dithmenos.
  1119 | D:2      | Reached XP level 4. HP: 26/26 MP: 5/5
  1152 | D:2      | Reached skill level 4 in Ranged Weapons
  1421 | D:2      | 1421 ||| READING scroll of enchant weapon.
  1421 | D:2      | 1421 ||| ENCHANTING +2 sling.
  1426 | D:2      | 1426 ||| DROPPING +6 ring of intelligence.
  1427 | D:2      | 1427 ||| UPGRADING to +6 ring of strength.
  1428 | D:2      | 1428 ||| READING scroll labelled JOWITR QIDELL.
  1429 | D:2      | 1429 ||| DRINKING 3 sedimented ruby potions.
  1430 | D:2      | 1430 ||| DROPPING 2 potions of attraction.
  1848 | D:3      | Reached XP level 5. HP: 30/30 MP: 6/6
  1864 | D:3      | Reached skill level 5 in Ranged Weapons
  1868 | D:3      | Reached skill level 3 in Fighting
  1868 | D:3      | Reached XP level 6. HP: 20/37 MP: 7/7
  2083 | D:3      | 2083 ||| UPGRADING to +0 cloak.
  2088 | D:3      | 2088 ||| UPGRADING to ring of protection from cold.
  2089 | D:3      | 2089 ||| READING 2 scrolls labelled PUAKHE MYRORCH.
  2090 | D:3      | 2090 ||| DRINKING 2 black potions.
  2091 | D:3      | 2091 ||| DROPPING scroll of blinking.
  2127 | D:4      | 2127 ||| STAIRDANCE
  2134 | D:3      | Reached skill level 1 in Armour
  2211 | D:4      | Found Nihoteid's Neck Hole.
  2216 | D:4      | 2216 ||| SHOPLISTING amulet of reflection (420 gold, have
                  | 238).
  2216 | D:4      | 2216 ||| SHOPLISTING scarf of resistance (448 gold, have
                  | 238).
  2297 | D:4      | 2297 ||| Stepping ~*~*~tactically~*~*~ (water).
  2374 | D:4      | 2374 ||| FLEEEEING.
  2590 | D:4      | Reached skill level 6 in Ranged Weapons
  2596 | D:4      | 2596 ||| DRINKING potion of curing.
  2596 | D:4      | 2596 ||| (to cure confusion)
  2611 | D:4      | HP: 6/37 [ogre/+0 giant spiked club (18)]
  2612 | D:4      | 2612 ||| READING scroll of teleportation.
  2614 | D:4      | Reached XP level 7. HP: 8/43 MP: 8/8
  2614 | D:4      | 2614 ||| FLEEEEING.
  2616 | D:4      | HP: 6/43 [sleepcap (3)]
  2619 | D:4      | HP: 2/43 [sleepcap (5)]
  2621 | D:4      | Slain by a sleepcap

Levels and vault maps discovered:
D:1:      scummos_arrival_star, layout_loops_corners,
          shapermc_ecumenical_altar_hornbeckon, nrook_mini_vaults,
          minmay_fountain_box
D:2:      layout_rooms, basic_altar, minmay_split_cup_small
D:3:      layout_loops_ring, serial_undead, serial_undead_c, serial_undead_a,
          serial_undead_b, serial_undead_e, serial_undead_c, serial_undead_c,
          serial_undead_d
D:4:      layout_basic, supply_closet_lemuel, minmay_shop_grid_forest,
          chequers_serial_rivers_large_a, minmay_misc_feat_iff,
          nicolae_shop_sticking_my_neck_out

Skill      XL: |  1  2  3  4  5  6 |
---------------+-------------------+-----
Ranged Weapons | 3 4 5 6 |  6.4
Fighting       | 2 3 4 |  4.3
Armour         | 1 |  1.3
Dodging        | |  1.5
Spellcasting   | |  1.0
Hexes          | |  2.6

Action                     |  1- 3 |  4- 6 |  7- 9 || total
---------------------------+-------+-------+-------++-------
   Fire: Sling             |    93 |   175 |     7 ||   275
    Use: Scroll            |     3 |     4 |       ||     7
         Potion            |       |     3 |       ||     3
 Armour: Robe              |     5 |       |       ||     5
         Leather armour    |     6 |    52 |     2 ||    60
  Dodge: Dodged            |    18 |    77 |     3 ||    98

Table legend:
 A = Non-vault XP
 B = Vault XP
 C = Vault XP percentage of total XP
 D = Non-vault monster count
 E = Vault monster count
 F = Vault count percentage of total count
                 A         B        C        D         E       F
            +---------+---------+-------+---------+---------+-------
      Total |     588 |     165 |  21.9 |      68 |       7 |   9.3
            +---------+---------+-------+---------+---------+-------
        D:1 |      38 |       0 |   0.0 |      23 |       0 |   0.0
        D:2 |      62 |       5 |   7.5 |      16 |       3 |  15.8
        D:3 |      91 |     160 |  63.7 |      13 |       4 |  23.5
        D:4 |     397 |       0 |   0.0 |      16 |       0 |   0.0
            +---------+---------+-------+---------+---------+-------
